[Event "Titled Tuesday Blitz June 27 Early 2023"]
[White "Mariano, Nelson III"]
[Black "Larina, Maria"]
[WhiteFideId "5201748"]
[BlackFideId "24113182"]
[WhiteElo "2569"]
[BlackElo "2203"]
[Result "1-0"]
[Round "4"]
[TimeControl "180+2"]
[Date "2023.06.27"]
[WhiteClock "0:01:09"]
[BlackClock "0:00:00"]
[Board "208"]

1. e4 c6 2. d4 d5 3. e5 Bf5 4. h4 h5 5. c4 e6 6. Nc3 dxc4 7. Bxc4 Nd7 8. Nge2 Nb6 9. Bd3 Bxd3 10. Qxd3 Ne7 11. Bg5 Qd7 12. Ne4 Ned5 13. O-O Nc8 14. N2g3 Be7 15. Qf3 Bxg5 16. Nxg5 g6 17. N3e4 Qe7 18. Rfe1 O-O 19. Nf6+ Nxf6 20. exf6 Qd6 21. Ne4 Qd5 22. Qf4 Kh7 23. Ng5+ Kg8 24. Nxe6 fxe6 25. Qh6 Rf7 26. Qxg6+ Kf8 27. Qh6+ Ke8 28. Re5 Qxd4 29. Rxe6+ Kd7 30. Rae1 Nd6 31. Re7+ 1-0


[Site "https://www.chess.com"]

[Event "Titled Tuesday Blitz June 27 Early 2023"]
[White "Wesolowska, Hanna"]
[Black "Shubenkova, Veronika"]
[WhiteFideId "1104683"]
[BlackFideId "44124040"]
[WhiteElo "2189"]
[BlackElo "2504"]
[Result "0-1"]
[Round "4"]
[TimeControl "180+2"]
[Date "2023.06.27"]
[WhiteClock "0:00:04"]
[BlackClock "0:01:11"]
[Board "210"]

1. e4 e6 2. Nc3 d5 3. d4 Nf6 4. Bg5 Be7 5. e5 Nfd7 6. h4 h6 7. Qh5 g6 8. Bxe7 Qxe7 9. Qf3 a6 10. O-O-O c5 11. dxc5 Nc6 12. h5 g5 13. Qg3 Ndxe5 14. Re1 f6 15. f4 gxf4 16. Qxf4 Bd7 17. Nf3 O-O-O 18. Na4 Kb8 19. a3 Ka7 20. b4 Nxf3 21. gxf3 e5 22. Qd2 e4 23. Nb6 f5 24. b5 axb5 25. Bxb5 Qxc5 26. Nxd7 Rxd7 27. a4 Re8 28. Re3 d4 29. Rb3 e3 30. Qd3 Ne5 31. Qe2 Nc6 32. Rd1 Rc8 33. Bxc6 Rxc6 34. Kb1 f4 35. Rdd3 Rdd6 36. Rb5 Rb6 37. Rdb3 Rxb5 38. Rb4 Rxb4+ 0-1


[Site "https://www.chess.com"]

[Event "Titled Tuesday Blitz June 27 Early 2023"]
[White "Womacka, Mathias"]
[Black "Nilssen, Ellen Fredericia"]
[WhiteFideId "4611390"]
[BlackFideId "1441230"]
[WhiteElo "2479"]
[BlackElo "2170"]
[Result "1-0"]
[Round "4"]
[TimeControl "180+2"]
[Date "2023.06.27"]
[WhiteClock "0:00:14"]
[BlackClock "0:00:00"]
[Board "211"]

1. e4 e6 2. d4 d5 3. Nd2 c5 4. exd5 exd5 5. Ngf3 Nc6 6. Bb5 cxd4 7. Nxd4 Bd7 8. N2f3 Nf6 9. O-O Be7 10. Bg5 O-O 11. c3 Rc8 12. Re1 Bg4 13. Be2 Re8 14. h3 Bh5 15. Nf5 h6 16. Nxe7+ Qxe7 17. Bh4 g5 18. Bg3 Ne4 19. Nd4 Nxg3 20. fxg3 Qe3+ 21. Kh2 Bg6 22. Bg4 Qxe1 23. Qxe1 Rxe1 24. Rxe1 Rb8 25. Nb3 Rd8 26. Bf3 f5 27. Rd1 Bf7 28. Nd4 f4 29. gxf4 gxf4 30. Ne2 Ne5 31. Nxf4 Nxf3+ 32. gxf3 d4 33. a3 Rd6 34. Rxd4 Rb6 35. Rb4 Rf6 36. Kg3 b6 37. Rd4 1-0


[Site "https://www.chess.com"]

[Event "Titled Tuesday Blitz June 27 Early 2023"]
[White "campochess"]
[Black "Eynullayev, Altay"]
[BlackFideId "13413562"]
[WhiteElo "2160"]
[BlackElo "2478"]
[Result "0-1"]
[Round "4"]
[TimeControl "180+2"]
[Date "2023.06.27"]
[WhiteClock "0:00:00"]
[BlackClock "0:00:04"]
[Board "212"]

1. c4 Nf6 2. Nc3 e5 3. g3 d5 4. cxd5 Nxd5 5. Bg2 Nb6 6. d3 Be7 7. Nf3 Nc6 8. O-O O-O 9. a4 a5 10. b3 Be6 11. Bb2 Qd7 12. Ne4 f6 13. Rc1 Rfd8 14. Nc5 Bxc5 15. Rxc5 Nb4 16. Ba3 c6 17. Qd2 Qe7 18. Bxb4 axb4 19. Rfc1 Nd5 20. Ne1 Nc3 21. R1xc3 bxc3 22. Rxc3 Qd7 23. Nc2 Bd5 24. Bf1 h5 25. Ne3 Be6 26. h4 Qf7 27. Nc4 Rd4 28. Qe3 Rad8 29. a5 Qg6 30. Kh2 Bf5 31. Bg2 e4 32. dxe4 Bxe4 33. f3 Bf5 34. Qe7 R4d7 35. Qc5 Rd1 36. e4 Be6 37. Ne3 R1d2 38. Qe7 Bc8 39. Nd5 Re8 40. Qd6 cxd5 41. Qxd5+ Be6 42. Qxb7 Ra2 43. a6 Qf7 44. Rc7 Qg6 45. a7 Qh6 46. Qb5 Ra8 47. Re7 R2xa7 48. Rxe6 Ra2 49. Qd5 Kh7 50. Kh3 Qd2 51. Qf5+ Kg8 0-1


[Site "https://www.chess.com"]

[Event "Titled Tuesday Blitz June 27 Early 2023"]
[White "Dahlgren, James Allen"]
[Black "Sai Han Thiha"]
[WhiteFideId "22256873"]
[BlackFideId "13012290"]
[WhiteElo "2155"]
[BlackElo "2475"]
[Result "0-1"]
[Round "4"]
[TimeControl "180+2"]
[Date "2023.06.27"]
[WhiteClock "0:01:07"]
[BlackClock "0:01:13"]
[Board "213"]

1. d3 d5 2. f4 Nf6 3. Nf3 Bf5 4. g3 e6 5. Bg2 Be7 6. O-O O-O 7. Nc3 c5 8. Qe1 h6 9. e4 Bh7 10. h3 Nc6 11. Bd2 Rc8 12. Rd1 Nb4 13. Rc1 c4 14. e5 Nd7 15. a3 Nxc2 16. Rxc2 cxd3 17. Rc1 Qb6+ 18. Be3 Qxb2 19. Qd2 Bxa3 20. Bd4 Qxd2 21. Nxd2 Bxc1 22. Rxc1 Nc5 23. Rb1 b6 24. Kf2 Rfd8 25. Ke3 Rd7 26. Bf1 Ne4 27. Ncxe4 dxe4 28. Nxe4 Bxe4 29. Kxe4 Rc4 0-1


[Site "https://www.chess.com"]

[Event "Titled Tuesday Blitz June 27 Early 2023"]
[White "Bochnicka, Vladimir"]
[Black "Tarnowska, Aleksandra"]
[WhiteFideId "14943450"]
[BlackFideId "1180967"]
[WhiteElo "2409"]
[BlackElo "2151"]
[Result "1-0"]
[Round "4"]
[TimeControl "180+2"]
[Date "2023.06.27"]
[WhiteClock "0:00:59"]
[BlackClock "0:00:05"]
[Board "214"]

1. e4 c5 2. Nf3 e6 3. g3 Nc6 4. Bg2 d6 5. O-O Nf6 6. d3 Be7 7. h3 Qc7 8. Re1 O-O 9. c3 b5 10. d4 cxd4 11. cxd4 Bb7 12. a4 b4 13. Nbd2 Na5 14. b3 Rac8 15. Bb2 Qc2 16. Rb1 Qxd1 17. Rbxd1 Rc2 18. Ba1 Rfc8 19. e5 dxe5 20. dxe5 Nd5 21. Nd4 Ra2 22. Ne4 h6 23. Rc1 Rxc1 24. Rxc1 Kh7 25. Nd6 Ba6 26. Nxf7 Kg6 27. Nd6 Bg5 28. Be4+ Kh5 29. g4+ Kh4 30. Kg2 Nf4+ 31. Kh2 Ne2 32. Nf3# 1-0


[Site "https://www.chess.com"]

[Event "Titled Tuesday Blitz June 27 Early 2023"]
[White "Mangialardo, Tiago Carvalho"]
[Black "Srdanovic, Jovana"]
[WhiteFideId "2130718"]
[BlackFideId "954810"]
[WhiteElo "2145"]
[BlackElo "2405"]
[Result "0-1"]
[Round "4"]
[TimeControl "180+2"]
[Date "2023.06.27"]
[WhiteClock "0:00:00"]
[BlackClock "0:01:24"]
[Board "215"]

1. e4 c5 2. Nf3 e6 3. c3 Nf6 4. e5 Nd5 5. d4 cxd4 6. cxd4 d6 7. Bd3 Nc6 8. a3 dxe5 9. dxe5 Bc5 10. O-O a6 11. Qe2 Be7 12. Qe4 b5 13. Qg4 g6 14. Bh6 Bb7 15. Nbd2 Qc7 16. Rac1 O-O-O 17. Ne4 Kb8 18. Nc5 Bxc5 19. Rxc5 Nxe5 20. Rxc7 Nxg4 21. Rxf7 Nxh6 22. Rg7 Nf5 23. Rf7 Nf4 24. Bxf5 gxf5 25. Ne5 Rhg8 0-1


[Site "https://www.chess.com"]

[Event "Titled Tuesday Blitz June 27 Early 2023"]
[White "Gulkov, Igor A."]
[Black "VoicelessFeather"]
[WhiteFideId "4120973"]
[WhiteElo "2400"]
[BlackElo "2139"]
[Result "1/2-1/2"]
[Round "4"]
[TimeControl "180+2"]
[Date "2023.06.27"]
[WhiteClock "0:00:23"]
[BlackClock "0:00:20"]
[Board "216"]

1. Nf3 d5 2. d4 Nf6 3. c4 c6 4. e3 Bf5 5. Nc3 e6 6. Nh4 Be4 7. f3 Bg6 8. Nxg6 hxg6 9. Qb3 Qb6 10. Bd2 Nbd7 11. Bd3 Be7 12. O-O Qc7 13. g3 Nh5 14. Kg2 Bd6 15. f4 Nhf6 16. Rac1 O-O 17. e4 dxe4 18. Nxe4 Nxe4 19. Bxe4 c5 20. Be3 Rab8 21. Rfd1 cxd4 22. Bxd4 Nc5 23. Qf3 Nxe4 24. Qxe4 Rfd8 25. Bxa7 Ra8 26. c5 Bxc5 27. Rxd8+ Qxd8 28. Rxc5 Rxa7 29. Qc2 Ra8 30. a3 Qd4 31. Qc3 Qd6 32. Rc8+ Rxc8 33. Qxc8+ Kh7 34. Qxb7 Qd2+ 35. Kh3 Qe2 36. Qxf7 Qh5+ 37. Kg2 Qe2+ 38. Kh3 Qh5+ 39. Kg2 Qe2+ 40. Kh3 1/2-1/2


[Site "https://www.chess.com"]

[Event "Titled Tuesday Blitz June 27 Early 2023"]
[White "Dinu, Dumitru-Daniel"]
[Black "Flis, Pawel"]
[WhiteFideId "1208403"]
[BlackFideId "1112864"]
[WhiteElo "2397"]
[BlackElo "2132"]
[Result "1-0"]
[Round "4"]
[TimeControl "180+2"]
[Date "2023.06.27"]
[WhiteClock "0:00:15"]
[BlackClock "0:00:29"]
[Board "217"]

1. e4 c5 2. Nf3 d6 3. Bb5+ Bd7 4. Bxd7+ Qxd7 5. c4 Nc6 6. O-O g6 7. d4 cxd4 8. Nxd4 Bg7 9. Be3 Nf6 10. Nc3 O-O 11. Rc1 Rfc8 12. b3 e6 13. f3 a6 14. Na4 Nxd4 15. Bxd4 b5 16. Nb6 Qb7 17. Nxc8 Rxc8 18. cxb5 axb5 19. Rxc8+ Qxc8 20. Qc1 Qb7 21. Qc3 Ne8 22. Bxg7 Nxg7 23. Rc1 Qa7+ 24. Kf1 h5 25. h4 Kh7 26. g3 e5 27. Rc2 Ne6 28. Qc8 Qe3 29. Qc3 Qa7 30. Kg2 Nd4 31. Rf2 Qa3 32. f4 b4 33. Qe3 Kg7 34. fxe5 dxe5 35. Qg5 Qa5 36. Qf6+ Kh6 37. Qh8# 1-0


[Site "https://www.chess.com"]

[Event "Titled Tuesday Blitz June 27 Early 2023"]
[White "deloewre"]
[Black "Szyszylo, Rafal"]
[BlackFideId "1109626"]
[WhiteElo "2122"]
[BlackElo "2388"]
[Result "0-1"]
[Round "4"]
[TimeControl "180+2"]
[Date "2023.06.27"]
[WhiteClock "0:00:00"]
[BlackClock "0:01:00"]
[Board "218"]

1. d4 g6 2. Bf4 d6 3. Nf3 Bg7 4. Nc3 Nd7 5. e4 e5 6. Bg5 Bf6 7. Bxf6 Ngxf6 8. Bc4 O-O 9. O-O exd4 10. Qxd4 Re8 11. Rfe1 Ne5 12. Nxe5 dxe5 13. Qe3 c6 14. Rad1 Qe7 15. Qg3 Nh5 16. Qf3 Nf4 17. g3 Ne6 18. Qe3 Nd4 19. Rxd4 exd4 20. Qxd4 Be6 21. Bxe6 Qxe6 22. e5 b6 23. Ne4 Red8 24. Qc3 Kg7 25. Ng5 Qf5 26. e6+ Qf6 27. Nxf7 Qxc3 28. bxc3 Re8 29. Ng5 h6 30. Nf3 c5 31. e7 Rac8 32. Ne5 Rc7 33. Nc4 Rcxe7 34. Rd1 Re1+ 35. Rxe1 Rxe1+ 0-1


[Site "https://www.chess.com"]

[Event "Titled Tuesday Blitz June 27 Early 2023"]
[White "Szente Varga, Fruzsina"]
[Black "Floresvillar Gonzalez, Luis Migu"]
[WhiteFideId "712264"]
[BlackFideId "5100542"]
[WhiteElo "2349"]
[BlackElo "2121"]
[Result "1-0"]
[Round "4"]
[TimeControl "180+2"]
[Date "2023.06.27"]
[WhiteClock "0:00:13"]
[BlackClock "0:00:00"]
[Board "219"]

1. e4 c6 2. d4 d5 3. Nc3 dxe4 4. Nxe4 Bf5 5. Ng3 Bg6 6. c3 Nf6 7. Bc4 e6 8. N1e2 b5 9. Bb3 a5 10. O-O a4 11. Bc2 Bd6 12. f4 Bxc2 13. Qxc2 O-O 14. f5 Re8 15. Bg5 Nbd7 16. fxe6 Rxe6 17. Nh5 Bxh2+ 18. Kh1 Bd6 19. Nef4 Bxf4 20. Rxf4 Qc7 21. Nxf6+ Nxf6 22. Raf1 Rae8 23. Bxf6 Rxf6 24. Rxf6 gxf6 25. Qf5 Re6 26. Qg4+ Kf8 27. Qh4 f5 28. Qxh7 Qg3 29. Qh8+ Ke7 30. Qh2 Qg5 31. Kg1 Qe3+ 32. Rf2 Rh6 33. Qc7+ Kf8 34. Qd8+ Kg7 35. Qc7 Qe1+ 36. Rf1 Qe3+ 37. Rf2 Qe1+ 38. Rf1 Rh1+ 39. Kxh1 Qxf1+ 40. Kh2 f4 41. Qe5+ f6 42. Qc7+ Kg6 43. Qxc6 Qf2 44. Qxb5 Qg3+ 45. Kg1 Qe1+ 46. Qf1 1-0


[Site "https://www.chess.com"]

[Event "Titled Tuesday Blitz June 27 Early 2023"]
[White "Gomes, Luiz Alexandre de Souza"]
[Black "Politov, Pavel Y."]
[WhiteFideId "2102790"]
[BlackFideId "24110515"]
[WhiteElo "2318"]
[BlackElo "2115"]
[Result "1-0"]
[Round "4"]
[TimeControl "180+2"]
[Date "2023.06.27"]
[WhiteClock "0:02:39"]
[BlackClock "0:00:07"]
[Board "220"]

1. e4 c5 2. Nf3 d6 3. d4 cxd4 4. Nxd4 Nf6 5. Nc3 a6 6. Rg1 e5 7. Nb3 Be7 8. g4 Be6 9. g5 Nfd7 10. Be3 Nc6 11. Qd2 b5 12. O-O-O b4 13. Nd5 a5 14. Nxe7 Qxe7 15. Qxd6 Qxd6 16. Rxd6 Nd8 17. Bb5 Ke7 18. Rgd1 Nf8 19. Bc5 Nb7 20. Rd7+ Ke8 21. Rxb7+ Bd7 22. Bxd7+ Nxd7 23. Rbxd7 Rc8 24. Re7+ Kf8 25. Rc7+ Kg8 26. Rxc8# 1-0


[Site "https://www.chess.com"]

[Event "Titled Tuesday Blitz June 27 Early 2023"]
[White "Marin Masis, Jose Esteban"]
[Black "Davidson, Kevin"]
[WhiteFideId "6508146"]
[BlackFideId "2056810"]
[WhiteElo "2114"]
[BlackElo "2310"]
[Result "0-1"]
[Round "4"]
[TimeControl "180+2"]
[Date "2023.06.27"]
[WhiteClock "0:00:04"]
[BlackClock "0:00:12"]
[Board "221"]

1. e4 c5 2. Nf3 d6 3. d4 cxd4 4. Nxd4 Nf6 5. Nc3 a6 6. Bc4 e6 7. O-O b5 8. Ncxb5 axb5 9. Bxb5+ Bd7 10. Bd3 Qb6 11. Nb3 Be7 12. Be3 Qb7 13. e5 dxe5 14. Nc5 Qxb2 15. Rb1 Qxa2 16. Nxd7 Nbxd7 17. Rb7 O-O 18. Bb5 Rab8 19. Rxd7 Nxd7 20. Qxd7 Qxc2 21. Ba7 Rbe8 22. Qb7 Qb2 23. Qd7 Ba3 24. Qc6 Rc8 25. Qa6 Ra8 26. Bc6 Rac8 27. Be4 g6 28. Qd3 Rfd8 29. Qh3 Bc5 30. Qh6 Bxa7 0-1


[Site "https://www.chess.com"]

[Event "Titled Tuesday Blitz June 27 Early 2023"]
[White "Sairam, Pranav"]
[Black "Winkels, Marcel"]
[WhiteFideId "30951330"]
[BlackFideId "1003887"]
[WhiteElo "2304"]
[BlackElo "2114"]
[Result "1-0"]
[Round "4"]
[TimeControl "180+2"]
[Date "2023.06.27"]
[WhiteClock "0:00:12"]
[BlackClock "0:00:00"]
[Board "222"]

1. e4 c5 2. Nf3 d6 3. d4 cxd4 4. Nxd4 Nf6 5. Nc3 a6 6. Be2 e5 7. Nb3 Be7 8. Be3 Be6 9. f3 O-O 10. O-O b5 11. a4 b4 12. Nd5 Nxd5 13. exd5 Bf5 14. a5 Nd7 15. Qd2 Rc8 16. Bd3 Bxd3 17. Qxd3 Qc7 18. Rf2 Qb7 19. Rd1 Rc7 20. f4 Bf6 21. f5 Rfc8 22. g4 e4 23. Qxe4 Bxb2 24. Bd4 Bxd4 25. Nxd4 Ne5 26. f6 Rc4 27. fxg7 Qa7 28. Qf4 R8c7 29. Qf6 Rc8 30. Nf5 Rxg4+ 31. Kh1 1-0


[Site "https://www.chess.com"]

[Event "Titled Tuesday Blitz June 27 Early 2023"]
[White "Tqebuchava, Zurab"]
[Black "Wang, Alexander J"]
[WhiteFideId "13601113"]
[BlackFideId "30955270"]
[WhiteElo "2099"]
[BlackElo "2303"]
[Result "0-1"]
[Round "4"]
[TimeControl "180+2"]
[Date "2023.06.27"]
[WhiteClock "0:00:00"]
[BlackClock "0:00:06"]
[Board "223"]

1. e4 c5 2. Nf3 d6 3. Bb5+ Bd7 4. Bxd7+ Qxd7 5. O-O Nf6 6. Re1 Nc6 7. c3 e6 8. d3 Be7 9. Bg5 O-O 10. Nbd2 h6 11. Bh4 Ne8 12. Bxe7 Qxe7 13. a4 Nc7 14. Nc4 a6 15. a5 Rad8 16. Qb3 Qd7 17. Qxb7 Rb8 18. Nb6 Rxb7 19. Nxd7 Rd8 20. Nb6 Na8 21. Nxa8 Rxa8 22. Re2 Rab8 23. Ra2 Rb5 24. Rc2 Rxa5 25. Rxa5 Nxa5 26. Nd2 Nc6 27. f4 d5 28. Kf2 a5 29. Ke3 Kf8 30. g3 Ke7 31. Nb1 Kd6 32. e5+ Kc7 33. Nd2 Kb6 34. b3 Kc7 35. Ra2 Rb5 36. h3 d4+ 37. cxd4 Nxd4 38. Nc4 Rxb3 39. Rxa5 Nf5+ 40. Kd2 Nxg3 41. Ra7+ Kc6 42. Rxf7 Nf5 43. Rf8 Rb1 44. Re8 Nd4 45. Rc8+ Kd7 46. Rg8 Rg1 47. Kc3 Rg2 48. Nd2 Nb5+ 49. Kc4 Rxd2 50. Kxb5 Rg2 51. Kxc5 Rg3 52. d4 g5 53. fxg5 hxg5 54. Rg7+ Ke8 55. Kd6 Kf8 56. Ra7 Rxh3 57. Kxe6 g4 58. d5 g3 59. d6 g2 60. Ra1 Rh6+ 61. Kd5 Rg6 62. d7 Ke7 63. e6 Rg5+ 64. Ke4 g1=Q 65. Rxg1 Rxg1 66. Kd5 Rg5+ 0-1


[Site "https://www.chess.com"]

[Event "Titled Tuesday Blitz June 27 Early 2023"]
[White "Aung Thant Zin"]
[Black "Vaglio Munoz, Jaime"]
[WhiteFideId "13000063"]
[BlackFideId "6500145"]
[WhiteElo "2087"]
[BlackElo "2298"]
[Result "1-0"]
[Round "4"]
[TimeControl "180+2"]
[Date "2023.06.27"]
[WhiteClock "0:00:05"]
[BlackClock "0:00:33"]
[Board "224"]

1. e4 c5 2. Nf3 Qa5 3. Nc3 a6 4. d4 b5 5. dxc5 e6 6. Bd3 b4 7. Ne2 Bxc5 8. O-O Bb7 9. Ng3 Nf6 10. Qe2 Nc6 11. Be3 Qb6 12. Bxc5 Qxc5 13. e5 Ng4 14. Rad1 Ngxe5 15. Nxe5 Qxe5 16. Qd2 O-O 17. Rfe1 Qxb2 18. Nh5 Ne5 19. Qg5 Ng6 20. h4 Rac8 21. Ng3 h6 22. Qg4 Ne5 23. Qh5 Nxd3 24. Rxd3 Qxc2 25. Rxd7 Rc7 26. Rd4 Qc3 27. Rdd1 Rc5 28. Qg4 Qf6 29. Qxb4 Rc7 30. Re3 Bd5 31. Rde1 Rfc8 32. Nh5 Qf5 33. Nxg7 Kxg7 34. Rg3+ Kh7 35. Qb2 f6 36. h5 Rc2 37. Qb4 Qxf2+ 38. Kh2 R2c4 39. Qe7+ Kh8 40. Qg7# 1-0


[Site "https://www.chess.com"]

[Event "Titled Tuesday Blitz June 27 Early 2023"]
[White "Zaksaite, Salomeja"]
[Black "Maluco_do_Natal_00"]
[WhiteFideId "12801496"]
[WhiteElo "2286"]
[BlackElo "2052"]
[Result "1-0"]
[Round "4"]
[TimeControl "180+2"]
[Date "2023.06.27"]
[WhiteClock "0:00:11"]
[BlackClock "0:00:00"]
[Board "225"]

1. e4 c5 2. Nf3 Nc6 3. Bb5 e6 4. Bxc6 bxc6 5. Qe2 Ne7 6. d3 Ng6 7. O-O e5 8. g3 Be7 9. h4 d6 10. Nh2 Rb8 11. b3 Bf6 12. Nd2 O-O 13. Nc4 Bh3 14. Re1 Be6 15. h5 Ne7 16. Ng4 Nc8 17. Bd2 Bg5 18. f4 exf4 19. gxf4 Bh4 20. Rf1 f5 21. Nh2 Qe8 22. Rae1 Bxe1 23. Rxe1 Qf7 24. Kh1 Bxc4 25. bxc4 Ne7 26. Rg1 Kh8 27. Bc3 Rg8 28. h6 Ng6 29. Qh5 Rb7 30. exf5 Nxf4 31. hxg7+ Rxg7 32. Bxg7+ Qxg7 33. Qe8+ 1-0


[Site "https://www.chess.com"]

[Event "Titled Tuesday Blitz June 27 Early 2023"]
[White "De Souza, Cristiano Gomes"]
[Black "Semenova, Alina"]
[WhiteFideId "2151758"]
[BlackFideId "24113875"]
[WhiteElo "2252"]
[BlackElo "2048"]
[Result "1-0"]
[Round "4"]
[TimeControl "180+2"]
[Date "2023.06.27"]
[WhiteClock "0:01:19"]
[BlackClock "0:00:53"]
[Board "226"]

1. d4 d5 2. c4 e6 3. Nf3 Nf6 4. Nc3 Be7 5. Bg5 O-O 6. e3 h6 7. Bh4 Nbd7 8. c5 c6 9. b4 Ne4 10. Bxe7 Qxe7 11. Nxe4 dxe4 12. Nd2 f5 13. Nc4 Nf6 14. Nd6 Nd5 15. Qb3 Kh7 16. Bc4 b5 17. Bxd5 exd5 18. O-O Be6 19. a4 a6 20. Ra2 Qg5 21. Rfa1 Rf6 22. axb5 Rg6 23. g3 f4 24. exf4 Qh5 25. bxc6 Bg4 26. Qb1 Bf3 27. Rxa6 Rxa6 28. Rxa6 e3 29. Ra8 exf2+ 30. Kxf2 Qxh2+ 31. Kxf3 Qxg3+ 32. Ke2 Qg2+ 33. Ke3 Qg3+ 34. Kd2 Qxf4+ 35. Kc3 Qe3+ 36. Qd3 Qc1+ 37. Kb3 Qf4 38. c7 1-0


[Site "https://www.chess.com"]

[Event "Titled Tuesday Blitz June 27 Early 2023"]
[White "Ajavon, Anthony Obieni"]
[Black "Zampronha, Wladimir Camilo"]
[WhiteFideId "12600784"]
[BlackFideId "2103087"]
[WhiteElo "2005"]
[BlackElo "2251"]
[Result "1-0"]
[Round "4"]
[TimeControl "180+2"]
[Date "2023.06.27"]
[WhiteClock "0:01:49"]
[BlackClock "0:00:00"]
[Board "227"]

1. d4 Nf6 2. c4 e6 3. Nc3 Bb4 4. Qc2 O-O 5. Bg5 h6 6. Bxf6 Qxf6 7. Nf3 d6 8. e3 Nd7 9. Be2 e5 10. O-O Bxc3 11. Qxc3 Re8 12. dxe5 Nxe5 13. Nxe5 Rxe5 14. Rfd1 Bf5 15. Bf3 Be4 16. Bxe4 Rxe4 17. Qxf6 gxf6 18. b3 Rae8 19. Kf1 Kg7 20. Rd3 f5 21. Rad1 f4 22. exf4 Rxf4 23. Re1 Rfe4 24. Rde3 Rxe3 25. Rxe3 Rxe3 26. fxe3 Kf6 27. Ke2 Ke5 28. Kd3 c6 29. g3 h5 30. e4 b6 31. Ke3 a6 32. a3 a5 33. a4 f6 34. h3 d5 35. cxd5 cxd5 36. exd5 Kxd5 37. Kf4 Kc5 38. g4 Kb4 39. gxh5 1-0


[Site "https://www.chess.com"]

[Event "Titled Tuesday Blitz June 27 Early 2023"]
[White "Guevara Sanchez, Erick Marvin"]
[Black "Tuleyeva-Aketayeva, Dana"]
[WhiteFideId "6700136"]
[BlackFideId "13701932"]
[WhiteElo "1990"]
[BlackElo "2238"]
[Result "1-0"]
[Round "4"]
[TimeControl "180+2"]
[Date "2023.06.27"]
[WhiteClock "0:01:50"]
[BlackClock "0:00:01"]
[Board "228"]

1. e4 c5 2. Nf3 Nc6 3. d4 cxd4 4. Nxd4 Nf6 5. Nc3 e5 6. Ndb5 d6 7. Nd5 Nxd5 8. exd5 Nb8 9. c4 Be7 10. Bd3 O-O 11. O-O f5 12. Be3 a6 13. Nc3 f4 14. Bd2 Kh8 15. f3 g5 16. Ne4 Nd7 17. Bc3 Qb6+ 18. Kh1 Nc5 19. Nxc5 Qxc5 20. Qe2 Bf6 21. b4 Qc7 22. c5 Bd7 23. Rac1 dxc5 24. bxc5 Qxc5 25. Bxe5 Qe7 26. Bxf6+ Qxf6 27. Qe4 Bf5 28. Qc4 Rac8 29. Qb3 Rxc1 30. Rxc1 Rc8 31. Rxc8+ Bxc8 32. Qc2 Qa1+ 33. Qb1 Qxb1+ 34. Bxb1 Bd7 35. Be4 h6 36. Kg1 Kg7 37. Kf1 Kf6 38. Ke2 Ke5 39. Kd3 Bb5+ 40. Kc3 Bf1 41. g3 b6 42. gxf4+ gxf4 43. h4 Bb5 44. Kb4 Be8 45. a4 Bf7 46. Kc4 b5+ 47. axb5 axb5+ 48. Kc5 b4 49. d6 b3 50. d7 b2 51. d8=Q b1=Q 52. Bxb1 Be6 53. Qe7 h5 54. Ba2 Kf5 55. Qxe6# 1-0


[Site "https://www.chess.com"]

[Event "Titled Tuesday Blitz June 27 Early 2023"]
[White "Alexanian, Nelli"]
[Black "Abrosimov, Vladimir"]
[WhiteFideId "4170539"]
[BlackFideId "4166892"]
[WhiteElo "1950"]
[BlackElo "2238"]
[Result "0-1"]
[Round "4"]
[TimeControl "180+2"]
[Date "2023.06.27"]
[WhiteClock "0:00:34"]
[BlackClock "0:01:49"]
[Board "229"]

1. d4 Nf6 2. c4 c5 3. d5 e6 4. Nc3 exd5 5. cxd5 d6 6. e4 Be7 7. f4 Bg4 8. Bb5+ Bd7 9. a4 a6 10. Bd3 Bg4 11. Nf3 Nbd7 12. O-O Rb8 13. Re1 O-O 14. e5 Ne8 15. Qc2 g6 16. h3 Bxf3 17. gxf3 Qc7 18. Qh2 Ng7 19. Ne4 dxe5 20. fxe5 Nxe5 21. Qg3 Bh4 22. Qg2 Bxe1 23. Nf6+ Kh8 24. Bf4 Qe7 25. Qg5 Nxf3+ 0-1


[Site "https://www.chess.com"]

[Event "Titled Tuesday Blitz June 27 Early 2023"]
[White "Vargas, Mauricio"]
[Black "Mishra, Manoj"]
[WhiteFideId "4404572"]
[BlackFideId "5006007"]
[WhiteElo "1844"]
[BlackElo "2226"]
[Result "0-1"]
[Round "4"]
[TimeControl "180+2"]
[Date "2023.06.27"]
[WhiteClock "0:00:00"]
[BlackClock "0:01:52"]
[Board "230"]

1. e4 Nf6 2. e5 Nd5 3. Nc3 Nxc3 4. dxc3 Nc6 5. f4 d6 6. Nf3 Bg4 7. Bb5 dxe5 8. Qxd8+ Rxd8 9. fxe5 e6 10. O-O Bc5+ 11. Kh1 O-O 12. Bf4 Ne7 13. Ng5 Ng6 14. Bg3 h5 15. h3 Bf5 16. Ba4 Rd2 17. Rad1 Rfd8 18. Rxd2 Rxd2 19. Bb3 h4 20. Bh2 Bxc2 0-1


[Site "https://www.chess.com"]

[Event "Titled Tuesday Blitz June 27 Early 2023"]
[White "Zuriel, Marisa"]
[Black "Castillo Pena, Patricia Evarista"]
[WhiteFideId "109142"]
[BlackFideId "6412106"]
[WhiteElo "2215"]
[BlackElo "1910"]
[Result "1-0"]
[Round "4"]
[TimeControl "180+2"]
[Date "2023.06.27"]
[WhiteClock "0:01:47"]
[BlackClock "0:00:00"]
[Board "231"]

1. e4 c5 2. Nf3 d6 3. d4 cxd4 4. Nxd4 Nf6 5. Nc3 a6 6. h3 e5 7. Nde2 Be6 8. g4 d5 9. exd5 Nxd5 10. Bg2 Nxc3 11. Qxd8+ Kxd8 12. Nxc3 Nc6 13. Be3 Bb4 14. O-O-O+ Kc7 15. Nd5+ Bxd5 16. Bxd5 f6 17. c3 Be7 18. f4 Bd6 19. f5 Rhd8 20. Be4 Rac8 21. Rd2 Na5 22. Bd5 b5 23. Be6 Rb8 24. b3 Ba3+ 25. Kc2 Rxd2+ 26. Bxd2 Rd8 27. Be3 Rd6 28. b4 Nc4 29. Bxc4 bxc4 30. Rd1 Rxd1 31. Kxd1 a5 32. bxa5 Kb7 33. Kc2 Ka6 34. Bb6 Bd6 35. Bd8 e4 36. Kd2 Bf4+ 37. Ke2 Be5 38. Kd2 e3+ 39. Kxe3 Bxc3 40. Ke4 Bxa5 41. Be7 Kb5 42. Kd4 Bb6+ 43. Kc3 Ba5+ 44. Kc2 1-0


[Site "https://www.chess.com"]

[Event "Titled Tuesday Blitz June 27 Early 2023"]
[White "Tari, Aryan"]
[Black "Pranav, V"]
[WhiteFideId "1510045"]
[BlackFideId "25060783"]
[WhiteElo "2920"]
[BlackElo "3045"]
[Result "1/2-1/2"]
[Round "5"]
[TimeControl "180+2"]
[Date "2023.06.27"]
[WhiteClock "0:00:09"]
[BlackClock "0:00:05"]
[Board "1"]

1. e4 e5 2. Nf3 Nc6 3. d4 exd4 4. Nxd4 Bc5 5. Nxc6 Qf6 6. Qf3 bxc6 7. Nd2 d6 8. Nb3 Bb6 9. Bd2 Qxf3 10. gxf3 Ne7 11. Rg1 Ng6 12. f4 O-O 13. f5 Ne5 14. Be2 Re8 15. Rg3 d5 16. f4 Nc4 17. Bc3 g6 18. fxg6 fxg6 19. Bxc4 dxc4 20. Nd2 Bf5 21. O-O-O Bxe4 22. Nxe4 Rxe4 23. f5 Re3 24. Rd7 Rxg3 25. hxg3 gxf5 26. Rg7+ Kf8 27. Rxh7 Re8 28. Rh5 Re2 29. Rxf5+ Kg8 30. Kd1 Rg2 31. Rg5+ Kf7 32. Rg4 Ke6 33. a4 Rg1+ 34. Ke2 Rg2+ 35. Kf3 Rf2+ 36. Ke4 Re2+ 37. Kf4 Rxc2 38. Rg6+ Kd5 39. Rg5+ Ke6 40. a5 Bg1 41. Rg6+ Kd5 42. Rg5+ Ke6 43. g4 Rf2+ 44. Kg3 Re2 45. Rg6+ Kd5 46. Rg5+ Ke6 47. Rg8 Kf7 48. Rg7+ Ke6 49. Rg8 Kf7 50. Rc8 Bh2+ 51. Kf3 Re6 52. g5 Kg6 53. Rg8+ Kf5 54. Bd2 Be5 55. Rf8+ Kg6 56. Bc3 Bxc3 57. bxc3 Re5 58. Rf6+ Kxg5 59. Rxc6 Rxa5 60. Rxc7 Ra4 61. Ke4 Kf6 62. Kd4 Ke6 63. Rxc4 Rxc4+ 64. Kxc4 a6 65. Kc5 a5 66. Kb5 Kd5 67. c4+ Kd6 68. c5+ Kc7 69. Kxa5 Kc6 70. Ka6 Kxc5 1/2-1/2


[Site "https://www.chess.com"]